 Dungeon Crawl Stone Soup version 0.31-a0-152-g6aa68a64a1 (webtiles) character file.

Game seed: 14101509785341556084

5078 qw the Skirmisher (level 10, -12/91 HPs)
             Began as a Minotaur Hunter on June 9, 2023.
             Was a Believer of Okawaru.
             Mangled by a troll (15 damage)
             ... on level 9 of the Dungeon.
             The game lasted 00:03:27 (8236 turns).

qw the Skirmisher (Minotaur Hunter)                 Turns: 8236, Time: 00:03:28

Health: -12/91     AC:  7    Str: 22    XL:     10   Next: 31%
Magic:  12/12      EV: 18    Int:  6    God:    Okawaru [**....]
Gold:   412        SH:  5    Dex: 17    Spells: 9/9 levels left

rFire   + . .        Y - +0 orcbow
rCold   x . .        (shield currently unavailable)
rNeg    . . .        l - +2 robe {rF+}
rPois   .            (helmet restricted)
rElec   .            e - +0 cloak
rCorr   +            h - +0 pair of gloves of the Lonely Hells {rC- Regen+ rCorr Str+5}
SInv    +            (no boots)
Will    .....        d - amulet of reflection
Stlth   +++          c - ring of see invisible
HPRegen 1.15/turn    (no ring)
MPRegen 0.13/turn

%: reflection
@: heroic
A: horns 2, retaliatory headbutt
a: Renounce Religion, Heroism


You were on level 9 of the Dungeon.
You worshipped Okawaru.
Okawaru was pleased with you.
You visited 2 branches of the dungeon, and saw 10 of its levels.

You collected 412 gold pieces.


Innate Abilities, Weirdness & Mutations

You have a pair of horns on your head.
You reflexively headbutt those who attack you in melee.


   Skills:
 - Level 9.0(14.0) Fighting
 + Level 13.2(18.2) Ranged Weapons
 - Level 2.1(7.1) Armour
 - Level 6.1(11.1) Dodging
 - Level 0.7(5.7) Stealth
 - Level 4.0 Invocations


You had 9 spell levels left.
You didn't know any spells.
Your spell library was empty.

Inventory:

Hand Weapons
 Y - a +0 orcbow (weapon)
Armour
 e - a +0 cloak (worn)
 h - the +0 pair of gloves of the Lonely Hells (worn) {rC- Regen+ rCorr Str+5}
   (You found it on level 7 of the Dungeon)

   Str:       It affects your strength (+5).
   rC:        It makes you vulnerable to cold.
   Regen:     It increases your rate of health regeneration.
   rCorr:     It protects you from acid and corrosion.
 l - a +2 robe of fire resistance (worn)
Jewellery
 c - a ring of see invisible (left hand)
 d - an amulet of reflection (around neck)
Scrolls
 k - 2 scrolls of identify
Potions
 f - a potion of cancellation

Dungeon Overview and Level Annotations

Branches:
Dungeon (9/15)             Temple (1/1) D:6
   Lair: D:8-11         Orc: D:9-12

Altars:
Ashenzari
Cheibriados
Dithmenos
Elyvilon
Fedhas
Gozag
Hepliaklqana
Kikubaaqudgha
Makhleb
Nemelex Xobeh
Okawaru
Qazlal
Sif Muna
Trog
Uskayaw
Wu Jian
Xom
Yredelemnul
Zin
The Shining One


Message History

You headbutt the vampire! The vampire bites you.
The vampire draws strength from your injuries!
You block the troll's attack. The troll claws you but does no damage.
You block the troll's attack.
You shoot an arrow. The arrow hits the vampire.
The vampire is severely damaged.
The troll misses you. You furiously retaliate!
You headbutt the troll. The troll claws you! The troll barely misses you.
The vampire draws life force from you!
The vampire is healed by the life force!
8231 ||| DRINKING potion of heal wounds.
You feel much better. The vampire misses you. The vampire barely misses you.
You block the troll's attack. The troll closely misses you.
The troll misses you.
You shoot an arrow. The arrow hits the vampire.
The vampire is heavily damaged.
You shoot an arrow.
The arrow hits the vampire but does no damage.
The vampire is heavily damaged.
A killer bee comes into view.
The troll bites you! The troll claws you but does no damage.
The troll misses you. The vampire hits you.
The vampire bites you but does no damage.
You shoot an arrow. The killer bee buzzes angrily.
The arrow hits the vampire but does no damage.
The vampire is heavily damaged.
You hear a bellow!
The vampire draws life force from you!
The vampire is healed by the life force!
The troll barely misses you. The troll claws you! x2
You shoot an arrow. The arrow hits the vampire!
The vampire is heavily damaged.
You shoot an arrow.
The arrow completely misses the vampire.
The vampire completely misses you. The vampire bites you.
The vampire draws strength from your injuries!
The troll bites you!
You die...

##.. #. . #.. ##
. .. #.. ## ..
... ###.[##...#
....#...###..###
........##yo##[..
......TV##uz##...
##@##c.##...
##..##KQ##|..Q
#...###..##..##
#....##...#..#.
####.###......
#..####...
##.########
#....######
##.........


You could see a white ugly thing, a troll, a hornet, a vampire, a tengu
conjurer, a kobold brigand, a wight and an orc wizard.

Vanquished Creatures
  A two-headed ogre (D:8)
  Sigmund (D:4)
  4 yaks (D:8)
  A wyvern (D:9)
  2 steam dragons
  Menkaure (D:7)
  Edmund (D:4)
  3 water moccasins
  3 orc warriors
  3 black bears
  3 ice beasts
  A centaur (D:7)
  An ogre (D:4)
  A phantom (D:5)
  2 kobold brigands
  2 bullfrogs (D:8)
  A gnoll sergeant (D:8)
  3 wights (D:6)
  A scorpion (D:4)
  A killer bee (D:8)
  4 howler monkeys
  3 orc priests
  A hound (D:5)
  A jelly (D:4)
  A sleepcap (D:6)
  A gnoll bouda (D:8)
  10 orc wizards
  Terence (D:3)
  8 iguanas
  Robin (D:3)
  8 gnolls
  5 adders
  A shadow imp (D:6)
  3 white imps
  5 ufetubi
  2 worms
  2 dart slugs
  41 orcs
  5 ball pythons
  8 endoplasms
  2 giant cockroaches (D:1)
  8 goblins
  8 hobgoblins
  A quokka (D:4)
  2 bats (D:1)
  3 frilled lizards (D:1)
  15 kobolds
  4 rats
190 creatures vanquished.

Notes
Turn   | Place    | Note
-------+----------+-------------------------------------------
     0 | D:1      | qw the Minotaur Hunter began the quest for the Orb.
     0 | D:1      | Reached XP level 1. HP: 18/18 MP: 0/0
     0 | D:1      | 0 ||| qw: Version: 0.2-a-122-gbc61b45
     0 | D:1      | 0 ||| qw: Game counter: 3417
     0 | D:1      | 0 ||| qw: Always use a shield: true
     0 | D:1      | 0 ||| qw: God list: Okawaru
     0 | D:1      | 0 ||| qw: Allow faded altars: false
     0 | D:1      | 0 ||| qw: Do Orc after D:15 true
     0 | D:1      | 0 ||| qw: Do second Lair branch before Depths: true
     0 | D:1      | 0 ||| qw: Lair rune preference: random
     0 | D:1      | 0 ||| qw: Plans: Normal
     0 | D:1      | 0 ||| PLANNING D:1-11
   337 | D:1      | Reached XP level 2. HP: 25/25 MP: 1/1
   460 | D:1      | Reached skill level 5 in Ranged Weapons
   789 | D:1      | 789 ||| READING scroll labelled QOAFOI VEAROIX.
   790 | D:1      | 790 ||| DRINKING 2 blue potions.
   791 | D:1      | 791 ||| DROPPING scroll of butterflies.
   792 | D:1      | 792 ||| DROPPING potion of enlightenment.
  1096 | D:2      | Reached skill level 3 in Fighting
  1266 | D:2      | 1266 ||| UPGRADING to +0 ring mail.
  1276 | D:2      | 1276 ||| DROPPING +0 leather armour.
  1277 | D:2      | 1277 ||| UPGRADING to amulet of the acrobat.
  1282 | D:2      | 1282 ||| READING scroll labelled ATILIO WAGOSOTU.
  1283 | D:2      | 1283 ||| DRINKING 2 metallic red potions.
  1396 | D:3      | 1396 ||| READING scroll of enchant weapon.
  1396 | D:3      | 1396 ||| ENCHANTING +1 shortbow.
  1452 | D:3      | Reached skill level 1 in Armour
  1456 | D:3      | Reached XP level 3. HP: 26/31 MP: 2/2
  1492 | D:3      | Noticed Robin
  1499 | D:3      | Killed Robin
  1642 | D:3      | Noticed Terence
  1655 | D:3      | Killed Terence
  1656 | D:3      | Reached skill level 6 in Ranged Weapons
  1656 | D:3      | Reached XP level 4. HP: 18/38 MP: 3/3
  1659 | D:3      | HP: 8/38 [adder (4)]
  1663 | D:3      | HP: 3/38 [poisoned by an adder]
  2047 | D:3      | 2047 ||| DROPPING amulet of magic regeneration.
  2048 | D:3      | 2048 ||| DROPPING ring of magical power.
  2049 | D:3      | 2049 ||| READING scroll labelled MORPHA ENETYWYR.
  2050 | D:3      | 2050 ||| READING scroll labelled NERAQU TAOLUB.
  2051 | D:3      | 2051 ||| READING scroll labelled JIHIFUI ANNIPN.
  2052 | D:3      | 2052 ||| DRINKING 3 sapphire potions.
  2094 | D:3      | 2094 ||| DROPPING 2 potions of lignification.
  2109 | D:4      | Noticed an ice beast
  2117 | D:4      | Killed an ice beast
  2118 | D:4      | Reached XP level 5. HP: 31/48 MP: 4/4
  2257 | D:4      | 2257 ||| FLEEEEING.
  2266 | D:4      | 2266 ||| STAIRDANCE
  2434 | D:4      | Reached XP level 6. HP: 42/56 MP: 5/5
  2459 | D:4      | 2459 ||| FLEEEEING.
  2579 | D:4      | Reached skill level 7 in Ranged Weapons
  2580 | D:4      | HP: 14/56 [poisoned by a scorpion]
  2585 | D:4      | HP: 6/56 [poisoned by a scorpion]
  2919 | D:4      | Noticed Sigmund
  2933 | D:4      | Killed Sigmund
  2934 | D:4      | Reached skill level 8 in Ranged Weapons
  2934 | D:4      | Reached XP level 7. HP: 41/61 MP: 6/6
  3017 | D:4      | Noticed Edmund
  3027 | D:4      | Killed Edmund
  3028 | D:4      | Reached skill level 9 in Ranged Weapons
  3230 | D:4      | Reached skill level 3 in Dodging
  3230 | D:4      | 3230 ||| FLEEEEING.
  3234 | D:4      | 3234 ||| FLEEEEING.
  3235 | D:4      | 3235 ||| FLEEEEING.
  3236 | D:4      | 3236 ||| FLEEEEING.
  3237 | D:4      | 3237 ||| FLEEEEING.
  3238 | D:4      | 3238 ||| FLEEEEING.
  3239 | D:4      | 3239 ||| FLEEEEING.
  3240 | D:4      | 3240 ||| FLEEEEING.
  3241 | D:4      | 3241 ||| FLEEEEING.
  3242 | D:4      | 3242 ||| STAIRDANCE
  3273 | D:3      | 3273 ||| UPGRADING to +2 robe of fire resistance.
  3283 | D:3      | 3283 ||| DROPPING +0 ring mail.
  3284 | D:3      | 3284 ||| READING scroll labelled GUORUV WIJESH.
  3289 | D:3      | 3289 ||| READING scroll labelled INOUZX PISM.
  3290 | D:3      | 3290 ||| READING 2 scrolls of identify.
  3290 | D:3      | 3290 ||| IDENTIFYING green potion
  3447 | D:5      | Entered Level 5 of the Dungeon
  3455 | D:5      | 3455 ||| STAIRDANCE
  3462 | D:4      | Reached skill level 6 in Fighting
  3809 | D:5      | Reached XP level 8. HP: 67/70 MP: 7/7
  3855 | D:5      | Reached skill level 10 in Ranged Weapons
  4108 | D:5      | 4108 ||| UPGRADING to ring of see invisible.
  4109 | D:5      | 4109 ||| READING 4 scrolls of identify.
  4109 | D:5      | 4109 ||| IDENTIFYING emerald potion
  4110 | D:5      | 4110 ||| READING 3 scrolls of identify.
  4110 | D:5      | 4110 ||| IDENTIFYING amethyst potion
  4111 | D:5      | 4111 ||| READING 2 scrolls of identify.
  4111 | D:5      | 4111 ||| IDENTIFYING metallic purple potion
  4112 | D:5      | 4112 ||| DROPPING potion of attraction.
  4113 | D:5      | 4113 ||| DROPPING potion of brilliance.
  4114 | D:5      | 4114 ||| DROPPING potion of magic.
  4128 | D:6      | 4128 ||| STAIRDANCE
  4272 | D:6      | Found a staircase to the Ecumenical Temple.
  4273 | D:6      | 4273 ||| PLANNING TEMPLE
  4317 | Temple   | Entered the Ecumenical Temple
  4343 | Temple   | 4343 ||| PLANNING OKAWARU WORSHIP
  4948 | Temple   | Became a worshipper of Warmaster Okawaru
  4948 | Temple   | 4948 ||| PLANNING D:1-11
  5026 | D:6      | 5026 ||| SWAPPING to +0 orcbow.
  5031 | D:6      | 5031 ||| DROPPING +2 shortbow.
  5476 | D:6      | 5476 ||| DRINKING 2 potions of curing.
  5476 | D:6      | 5476 ||| (to cure confusion)
  5480 | D:6      | 5480 ||| DRINKING potion of curing.
  5480 | D:6      | 5480 ||| (to cure confusion)
  5794 | D:6      | Reached skill level 11 in Ranged Weapons
  6243 | D:6      | 6243 ||| UPGRADING to amulet of reflection.
  6253 | D:6      | 6253 ||| DROPPING amulet of the acrobat.
  6260 | D:7      | Noticed Menkaure
  6263 | D:7      | Killed Menkaure
  6284 | D:7      | Reached XP level 9. HP: 78/79 MP: 8/8
  6442 | D:7      | 6442 ||| Stepping ~*~*~tactically~*~*~ (outnumbered).
  6443 | D:7      | 6443 ||| Stepping ~*~*~tactically~*~*~ (outnumbered).
  6751 | D:7      | Reached * piety under Okawaru
  6856 | D:7      | Reached skill level 12 in Ranged Weapons
  6856 | D:7      | Reached skill level 1 in Invocations
  7000 | D:7      | 7000 ||| FLEEEEING.
  7002 | D:7      | 7002 ||| FLEEEEING.
  7003 | D:7      | 7003 ||| FLEEEEING.
  7004 | D:7      | 7004 ||| FLEEEEING.
  7048 | D:7      | Identified the +0 pair of gloves of the Lonely Hells {rC-
                  | Regen+ rCorr Str+5}
  7258 | D:7      | 7258 ||| UPGRADING to +0 pair of gloves of the Lonely Hells
                  | {rC- Regen+ rCorr Str+5}.
  7263 | D:7      | 7263 ||| READING 2 scrolls labelled GEICVA ATACA.
  7264 | D:7      | 7264 ||| DRINKING 2 viscous green potions.
  7265 | D:7      | 7265 ||| READING 2 scrolls of identify.
  7265 | D:7      | 7265 ||| IDENTIFYING smoky cyan potion
  7266 | D:7      | 7266 ||| DROPPING scroll of vulnerability.
  7267 | D:7      | 7267 ||| DROPPING potion of berserk rage.
  7268 | D:7      | 7268 ||| DROPPING potion of degeneration.
  7275 | D:8      | 7275 ||| INVOKING Heroism.
  7301 | D:8      | 7301 ||| STAIRDANCE
  7341 | D:8      | 7341 ||| STAIRDANCE
  7342 | D:8      | Paralysed by an orc wizard for 4 turns
  7346 | D:8      | 7346 ||| STAIRDANCE
  7351 | D:7      | Paralysed by an orc wizard for 3 turns
  7358 | D:7      | Reached skill level 3 in Invocations
  7400 | D:8      | 7400 ||| INVOKING Heroism.
  7458 | D:8      | 7458 ||| DROPPING +1 shortbow of electrocution.
  7642 | D:8      | Found a shadowy altar of Dithmenos.
  7696 | D:8      | 7696 ||| INVOKING Heroism.
  7765 | D:8      | Noticed a two-headed ogre
  7766 | D:8      | 7766 ||| INVOKING Heroism.
  7780 | D:8      | Killed a two-headed ogre
  7780 | D:8      | Reached ** piety under Okawaru
  7781 | D:8      | Reached skill level 13 in Ranged Weapons
  7781 | D:8      | Reached XP level 10. HP: 50/88 MP: 10/12
  7864 | D:8      | 7864 ||| INVOKING Heroism.
  7943 | D:8      | 7943 ||| INVOKING Heroism.
  7951 | D:8      | HP: 22/88 [yak (13)]
  7952 | D:8      | 7952 ||| READING scroll of teleportation.
  7958 | D:8      | HP: 12/88 [yak (16)]
  7959 | D:8      | 7959 ||| DRINKING 2 potions of heal wounds.
  7963 | D:8      | Reached skill level 6 in Dodging
  8139 | D:8      | 8139 ||| UPGRADING to +0 cloak.
  8144 | D:8      | 8144 ||| DRINKING 2 orange potions.
  8169 | D:9      | 8169 ||| INVOKING Heroism.
  8210 | D:9      | 8210 ||| INVOKING Heroism.
  8215 | D:9      | Noticed a white ugly thing
  8219 | D:9      | Reached skill level 9 in Fighting
  8230 | D:9      | HP: 22/91 [troll (7)]
  8230 | D:9      | HP: 8/91 [vampire/vampiric draining (14)]
  8231 | D:9      | 8231 ||| DRINKING potion of heal wounds.
  8234 | D:9      | HP: 2/91 [troll (9)]
  8236 | D:9      | Mangled by a troll

Levels and vault maps discovered:
D:1:      ncdulo_wetmaze, layout_loops_ring, bh_walls_and_bars
D:2:      layout_basic, minmay_misc_feat_room
D:3:      layout_basic, uniq_robin, uniq_terence
D:4:      layout_cave_pools, sigmund_edmund_badplayer
D:5:      layout_rooms
D:6:      layout_loops_corners, minmay_temple_entry_trees
D:7:      layout_cave_pods, item_on_display_a, uniq_menkaure
D:8:      layout_basic, grunt_dithmenos_smoke_and_mirrors, minmay_checkerbox
D:9:      layout_rooms, overflow_temple_1_default, grunt_ministairs_14,
          kennysheep_pointless_box, minmay_mirror_moons_of_madness, uniq_maurice
Temple:   compressed_dpeg_triangle_lava_temple

Skill      XL: |  1  2  3  4  5  6  7  8  9 10 |
---------------+-------------------------------+-----
Ranged Weapons | 5 6 8 9 11 13 | 13.2
Fighting       | 3 5 6 7 8 9 |  9.0
Armour         | 1 2 |  2.1
Dodging        | 3 4 5 6 |  6.1
Invocations    | 4 |  4.0
Stealth        | |  0.7

Action                     |  1- 3 |  4- 6 |  7- 9 | 10-12 || total
---------------------------+-------+-------+-------+-------++-------
   Fire: Shortbow          |    99 |   107 |    99 |       ||   305
         Orcbow            |       |       |   369 |    91 ||   460
 Invoke: Heroism           |       |       |     4 |     4 ||     8
    Use: Scroll            |     3 |     3 |     8 |     1 ||    15
         Potion            |     2 |     1 |     3 |     3 ||     9
 Armour: Leather armour    |     6 |       |       |       ||     6
         Ring mail         |     5 |    11 |     3 |       ||    19
         Robe              |       |       |    48 |    11 ||    59
  Dodge: Dodged            |    16 |    21 |   142 |    59 ||   238
  Block: Other             |       |       |    18 |    22 ||    40

Table legend:
 A = Non-vault XP
 B = Vault XP
 C = Vault XP percentage of total XP
 D = Non-vault monster count
 E = Vault monster count
 F = Vault count percentage of total count
                 A         B        C        D         E       F
            +---------+---------+-------+---------+---------+-------
      Total |    6302 |     953 |  13.1 |     171 |      19 |  10.0
            +---------+---------+-------+---------+---------+-------
        D:1 |      21 |       0 |   0.0 |      15 |       0 |   0.0
        D:2 |      10 |       0 |   0.0 |       4 |       0 |   0.0
        D:3 |      56 |      72 |  56.2 |      16 |      12 |  42.9
        D:4 |     798 |     408 |  33.8 |      25 |       2 |   7.4
        D:5 |     497 |       0 |   0.0 |      10 |       0 |   0.0
        D:6 |     753 |       0 |   0.0 |      33 |       0 |   0.0
        D:7 |     986 |     172 |  14.9 |      33 |       1 |   2.9
        D:8 |    2786 |     301 |   9.8 |      33 |       4 |  10.8
        D:9 |     395 |       0 |   0.0 |       2 |       0 |   0.0
            +---------+---------+-------+---------+---------+-------
